 Dungeon Crawl Stone Soup version 0.24.1-4-ge52af88ad5 (webtiles) character file.

Game seed: 2079904606609594543, levelgen mode: deterministic

60 H0rd4k the Magician (level 4, -3/30 HPs)
             Began as a Human Wizard on Apr 20, 2020.
             Slain by a leopard gecko (4 damage)
             ... on level 3 of the Dungeon.
             The game lasted 00:05:17 (2159 turns).

H0rd4k the Magician (Human Wizard)                  Turns: 2159, Time: 00:05:18

Health: -3/30      AC:  2    Str:  7    XL:     4   Next: 24%
Magic:  5/9        EV: 11    Int: 19    God:
Gold:   23         SH:  0    Dex: 12    Spells: 1/10 levels left

rFire    . . .     SeeInvis .   (no weapon)
rCold    . . .     Gourm    .   (no shield)
rNeg     . . .     Faith    .   a - +0 robe
rPois    .         Spirit   .   b - +0 hat
rElec    .         Reflect  .   (no cloak)
rCorr    .         Harm     .   (no gloves)
MR       .....                  (no boots)
Stlth    ++........             (no amulet)
HPRegen  0.10/turn              e - ring of wizardry
MPRegen  0.11/turn              (no ring)

@: heavily drained
A: no striking features
a: no special abilities


You were on level 3 of the Dungeon.
You were hungry.

You visited 1 branch of the dungeon, and saw 3 of its levels.

You collected 23 gold pieces.

Inventory:

Armour
 a - a +0 robe (worn)
 b - a +0 hat (worn)
Jewellery
 e - a ring of wizardry (left hand)
 f - an uncursed amulet of harm
Scrolls
 c - 4 scrolls of identify {unknown}
Potions
 h - a potion of might {unknown}
Comestibles
 d - 4 rations
 g - 2 chunks of flesh


   Skills:
 + Level 0.2(0.0) Fighting
 + Level 2.3(0.8) Dodging
 + Level 2.4(0.9) Stealth
 + Level 3.8(2.2) Spellcasting
 + Level 1.8(0.3) Conjurations
   Level 1.0(0.0) Summonings
 + Level 1.0(0.0) Translocations


You had one spell level left.
You knew the following spells:

 Your Spells              Type           Power        Failure   Level  Hunger
a - Magic Dart            Conj           #...         6%          1    #......
b - Blink                 Tloc           N/A          11%         2    ##.....
c - Conjure Flame         Conj/Fire      #.......     19%         3    ###....
d - Mephitic Cloud        Conj/Pois/Air  #.......     19%         3    ###....

Your spell library contained the following spells:

 Spells                   Type           Power        Failure   Level  Hunger
 Call Imp                 Summ           #.......     11%         2    ##.....
 Slow                     Hex            #.......     11%         2    ##.....


Dungeon Overview and Level Annotations

Branches:
Dungeon (3/15)

Altars:
Uskayaw
Xom

Annotations:
D:2 exclusion: downstairs


Message History

* * * LOW HITPOINT WARNING * * *
Casting: Magic Dart (safe; 6% risk of failure)
Confirm with . or Enter, or press ? or * to list all spells.
Aiming: Magic Dart (safe; 6% risk of failure)
Press: ? - help, Shift-Dir - straight line, f - leopard gecko
Aim: a leopard gecko (clinging)
The magic dart hits the leopard gecko.
The leopard gecko is moderately wounded.
The leopard gecko bites you.
* * * LOW HITPOINT WARNING * * *
The leopard gecko misses you.
Casting: Magic Dart (safe; 6% risk of failure)
Confirm with . or Enter, or press ? or * to list all spells.
Aiming: Magic Dart (safe; 6% risk of failure)
Press: ? - help, Shift-Dir - straight line, f/p - leopard gecko
Aim: a leopard gecko (moderately wounded, clinging)
The magic dart hits the leopard gecko.
The leopard gecko is heavily wounded.
The leopard gecko bites you.
You die...

#####.......
#.........#
#.........#
##......>..#
......r....#
....r......#
..######.###
########.###########
#..........rlrl@..#
#......##########.#
#.....= # #......
#...... #......
#o.....


You could see a leopard gecko, a frilled lizard and 2 rats.

Vanquished Creatures
  An adder (D:2)
  An ooze (D:2)
  3 leopard geckos
  2 orcs (D:3)
  A giant cockroach (D:2)
  4 goblins
  8 hobgoblins
  7 bats
  6 frilled lizards
  6 kobolds
  A rat (D:2)
40 creatures vanquished.

Notes
Turn   | Place    | Note
-------+----------+-------------------------------------------
     0 | D:1      | H0rd4k the Human Wizard began the quest for the Orb.
     0 | D:1      | Reached XP level 1. HP: 13/13 MP: 4/4
   284 | D:1      | Reached XP level 2. HP: 18/19 MP: 0/6
  1080 | D:2      | Reached XP level 3. HP: 21/24 MP: 0/8
  1084 | D:2      | Learned a level 2 spell: Blink
  1088 | D:2      | Learned a level 3 spell: Conjure Flame
  1092 | D:2      | Learned a level 3 spell: Mephitic Cloud
  1338 | D:2      | Found a shimmering altar of Xom.
  1376 | D:2      | Found a hide-covered altar of Uskayaw.
  1739 | D:2      | Reached XP level 4. HP: 30/30 MP: 0/9
  2158 | D:3      | HP: 1/30 [leopard gecko (3)]
  2159 | D:3      | Slain by a leopard gecko

Levels and vault maps discovered:
D:1:      matt_arrival_grand_opening, layout_basic
D:2:      layout_loops_corners, nicolae_overflow_crystal_walls,
          overflow_temple_1_default, minmay_door_square, minmay_pentomino_v4
D:3:      layout_basic, portal_sewer_entry_b

Action                   |  1- 3 |  4- 6 || total
-------------------------+-------+-------++-------
Melee: Unarmed           |     2 |     1 ||     3
 Cast: Magic Dart        |    95 |    38 ||   133
  Use: Potion            |     1 |       ||     1
  Eat: Chunk             |     2 |     1 ||     3
Armor: Robe              |     4 |    16 ||    20
Dodge: Dodged            |    34 |    44 ||    78
